 Dungeon Crawl Stone Soup version 0.29.0-4-gdea44cf6ec (webtiles) character file.

Game seed: 5197009592642810149

44 qw the Ruffian (level 3, -5/28 HPs)
             Began as a Ghoul Fire Elementalist on Aug 29, 2022.
             Slain by a gnoll
             ... wielding a +0 halberd
              (8 damage)
             ... on level 2 of the Dungeon.
             The game lasted 00:01:23 (1663 turns).

qw the Ruffian (Ghoul Fire Elementalist)            Turns: 1663, Time: 00:01:24

Health: -5/28      AC:  3    Str: 13    XL:     3   Next: 62%
Magic:  4/4        EV: 11    Int: 10    God:
Gold:   58         SH:  0    Dex:  9    Spells: 4/5 levels left

rFire   . . .      SeeInvis .     - Unarmed
rCold   + . .      Faith    .   (no shield)
rNeg    + + +      Spirit   .   h - +0 leather armour
rPois   inf        Reflect  .   (no helmet)
rElec   .          Harm     .   (no cloak)
rCorr   .          Rampage  .   (no gloves)
Will    .....                   (no boots)
Stlth   +.........              (no amulet)
HPRegen 0.00/turn               (no ring)
MPRegen 0.09/turn               (no ring)

@: about to teleport, inhibited regen
A: claws 1, cold resistance 1, negative energy resistance 3, inhibited
regeneration, torment resistance 2, devour on kill
a: no special abilities


You were on level 2 of the Dungeon.
You visited 1 branch of the dungeon, and saw 2 of its levels.

You collected 58 gold pieces.


Innate Abilities, Weirdness & Mutations

You are immune to poison.
You have sharp fingernails.
Your flesh is cold resistant. (rC+)
You are immune to negative energy. (rN+++)
You do not regenerate when monsters are visible.
You are immune to unholy pain and torment.
You thrive by killing the living.


   Skills:
 - Level 1.2 Fighting
 - Level 1.7 Dodging
 - Level 2.1 Stealth
 + Level 3.1 Unarmed Combat
 - Level 1.7 Spellcasting
 - Level 0.7 Conjurations
 - Level 2.4 Fire Magic


You had 4 spell levels left.
You knew the following spells:

 Your Spells              Type           Power      Damage    Failure   Level
a - Foxfire               Conj/Fire      16%        2x1d4     22%         1

Your spell library contained the following spells:

 Spells                   Type           Power      Damage    Failure   Level
 Scorch                   Fire           10%        2d5       22%         2
 Conjure Flame            Conj/Fire      4%         6-21      54%         3
 Inner Flame              Hex/Fire       3%         N/A       58%         3
 Flame Wave               Conj/Fire      4%         2d5       91%         4

Inventory:

Armour
 h - a +0 leather armour (worn)
Scrolls
 a - a scroll of enchant weapon {unknown}
Potions
 d - a potion of might {unknown}
 i - a potion of resistance {unknown}
 k - a potion of heal wounds {unknown}

Dungeon Overview and Level Annotations

Branches:
Dungeon (2/15)

Altars:


Message History

You claw the adder!
You kill the adder!
You feel better. The ball python bites you. The ball python closely misses you.
Your Unarmed Combat skill increases to level 3!
You scratch the ball python.
The ball python is severely wounded.
The ball python barely misses you. The ball python grabs you.
The ball python constricts you.
You claw the ball python!
You kill the ball python!
You feel better.
You start resting.
HP restored.
You see here an adder corpse.
You see here a ball python corpse. 3 gnolls come into view.
The gnoll shouts! x2
A gnoll comes into view. It is wielding a +0 whip.
1656 ||| Stepping ~*~*~tactically~*~*~ (hiding).
The gnoll attacks as you move away! The gnoll barely misses you.
You scratch the gnoll.
The gnoll is lightly wounded.
The gnoll barely misses you.
1658 ||| Stepping ~*~*~tactically~*~*~ (hiding).
The gnoll hits you from afar with a +0 halberd.
The gnoll hits you with a +0 whip.
You scratch the gnoll.
The gnoll is moderately wounded.
The gnoll hits you with a +0 whip!
The gnoll hits you from afar with a +0 halberd.
You barely miss the gnoll.
The gnoll is moderately wounded.
The gnoll hits you with a +0 whip.
The gnoll hits you from afar with a +0 halberd.
1663 ||| READING scroll of teleportation.
As you read the scroll of teleportation, it crumbles to dust.
You feel strangely unstable.
The gnoll hits you from afar with a +0 halberd!
You die...

. ##. ### #. #.. ..# ###
#.##gg #.# ##7.7## #.#..
#.# ##..<).## #.g. ##.#
#.......## #..
#..##...###...#
#.g###..#7.7##.##7.7
#.gg@..%##+##...##.##
......g###.%......#.#....
####### #....(.....#...#
#........#......
#............#.#
####...##........#
#...#..#####..####
#.#....# #..# #...####
#....


You could see 4 gnolls.

Vanquished Creatures
  An adder (D:2)
  A worm (D:2)
  3 endoplasms (D:1)
  A giant cockroach (D:1)
  5 goblins
  2 hobgoblins (D:1)
  3 jackals (D:1)
  A quokka (D:1)
  3 ball pythons
  A bat (D:1)
  A frilled lizard (D:1)
  5 kobolds (D:1)
  A rat (D:2)
28 creatures vanquished.

Vanquished Creatures (others)
  5 fungi (D:1)
  2 plants (D:1)
7 creatures vanquished.

Grand Total: 35 creatures vanquished

Notes
Turn   | Place    | Note
-------+----------+-------------------------------------------
     0 | D:1      | qw the Ghoul Fire Elementalist began the quest for the Orb.
     0 | D:1      | Reached XP level 1. HP: 14/14 MP: 2/2
     0 | D:1      | 0 ||| qw: Version: 0.1-a-90-g952f4b7
     0 | D:1      | 0 ||| qw: Game counter: 4233
     0 | D:1      | 0 ||| qw: Always use a shield: true
     0 | D:1      | 0 ||| qw: God list: Okawaru
     0 | D:1      | 0 ||| qw: Allow faded altars: false
     0 | D:1      | 0 ||| qw: Do Orc after D:15 true
     0 | D:1      | 0 ||| qw: Do second Lair branch before Depths: true
     0 | D:1      | 0 ||| qw: Lair rune preference: random
     0 | D:1      | 0 ||| qw: Plans: Normal
     0 | D:1      | 0 ||| PLANNING D:1-11
     6 | D:1      | 6 ||| Stepping ~*~*~tactically~*~*~ (stealth).
     7 | D:1      | 7 ||| Stepping ~*~*~tactically~*~*~ (stealth).
    11 | D:1      | 11 ||| Stepping ~*~*~tactically~*~*~ (outnumbered).
    11 | D:1      | HP: 3/14 [kobold/+0 short sword (3)]
    12 | D:1      | 12 ||| Stepping ~*~*~tactically~*~*~ (outnumbered).
    15 | D:1      | HP: 1/14 [kobold/+0 club (1)]
   142 | D:1      | Reached skill level 1 in Unarmed Combat
   516 | D:1      | Reached skill level 1 in Fighting
   516 | D:1      | Reached XP level 2. HP: 17/23 MP: 3/3
   695 | D:1      | Found a faded altar of an unknown god.
   781 | D:1      | 781 ||| Stepping ~*~*~tactically~*~*~ (stealth).
   783 | D:1      | 783 ||| Stepping ~*~*~tactically~*~*~ (stealth).
   914 | D:1      | Reached skill level 2 in Unarmed Combat
   918 | D:1      | 918 ||| Stepping ~*~*~tactically~*~*~ (stealth).
   919 | D:1      | 919 ||| Stepping ~*~*~tactically~*~*~ (stealth).
  1097 | D:1      | 1097 ||| Stepping ~*~*~tactically~*~*~ (stealth).
  1204 | D:1      | 1204 ||| Stepping ~*~*~tactically~*~*~ (stealth).
  1206 | D:1      | 1206 ||| Stepping ~*~*~tactically~*~*~ (stealth).
  1207 | D:1      | 1207 ||| Stepping ~*~*~tactically~*~*~ (stealth).
  1215 | D:1      | Reached XP level 3. HP: 28/28 MP: 4/4
  1217 | D:1      | 1217 ||| Stepping ~*~*~tactically~*~*~ (outnumbered).
  1218 | D:1      | 1218 ||| Stepping ~*~*~tactically~*~*~ (outnumbered).
  1219 | D:1      | 1219 ||| Stepping ~*~*~tactically~*~*~ (outnumbered).
  1223 | D:1      | 1223 ||| Stepping ~*~*~tactically~*~*~ (outnumbered).
  1470 | D:1      | 1470 ||| UPGRADING to +0 leather armour.
  1480 | D:1      | 1480 ||| DROPPING +0 robe.
  1481 | D:1      | 1481 ||| READING 2 scrolls labelled XYREKKU UPIBEDUNE.
  1485 | D:1      | 1485 ||| READING scroll labelled FEEBLI ZUIQO.
  1486 | D:1      | 1486 ||| READING scroll labelled HEIKHI DYMNOIQ.
  1487 | D:1      | 1487 ||| READING scroll labelled JUWIRE FUIM.
  1488 | D:1      | 1488 ||| READING scroll labelled MEDWEJ QEYTUTH.
  1489 | D:1      | 1489 ||| DROPPING potion of magic.
  1543 | D:2      | Found the +7 captain's cutlass {speed, disarm}
  1643 | D:2      | Reached skill level 3 in Unarmed Combat
  1656 | D:2      | 1656 ||| Stepping ~*~*~tactically~*~*~ (hiding).
  1658 | D:2      | 1658 ||| Stepping ~*~*~tactically~*~*~ (hiding).
  1662 | D:2      | HP: 6/28 [gnoll/+0 whip (2)]
  1663 | D:2      | 1663 ||| READING scroll of teleportation.
  1663 | D:2      | Slain by a gnoll

Levels and vault maps discovered:
D:1:      dpeg_arrival_pits, layout_loops_ring,
          dreamdust_ecumenical_altar_grove, st_stairs_1
D:2:      layout_loops_cross, grunt_ministairs_8, minmay_cupped

Skill      XL: |  1  2  3 |
---------------+----------+-----
Unarmed Combat | 1 2 3 |  3.1
Fighting       | 1 |  1.2
Dodging        | |  1.7
Stealth        | |  2.1
Spellcasting   | |  1.7
Conjurations   | |  0.7
Fire Magic     | |  2.4

Action                   || total
-------------------------++-------
Melee: Unarmed           ||   130
       Punch             ||     2
  Use: Scroll            ||     6
Armor: Robe              ||    20
       Leather armour    ||     1
Dodge: Dodged            ||    74

Table legend:
 A = Non-vault XP
 B = Vault XP
 C = Vault XP percentage of total XP
 D = Non-vault monster count
 E = Vault monster count
 F = Vault count percentage of total count
                 A         B        C        D         E       F
            +---------+---------+-------+---------+---------+-------
      Total |      57 |       7 |  10.9 |      24 |       4 |  14.3
            +---------+---------+-------+---------+---------+-------
        D:1 |      36 |       3 |   7.7 |      20 |       2 |   9.1
        D:2 |      21 |       4 |  16.0 |       4 |       2 |  33.3
            +---------+---------+-------+---------+---------+-------
